 Dungeon Crawl Stone Soup version 0.30-a0-1157-g2cc9ac7196 (webtiles) character file.

Game seed: 13302892484845893834

471 iamoutofideas the Chopper (level 7, -1/42 (58) HPs)
             Began as a Hill Orc Reaver on Apr 25, 2023.
             Slain by a sleepcap (6 damage)
             ... on level 5 of the Dungeon.
             The game lasted 00:03:52 (3382 turns).

iamoutofideas the Chopper (Hill Orc Reaver)         Turns: 3382, Time: 00:03:52

HP:   -1/42 (58)    AC:  5    Str: 17    XL:     7   Next: 9%
MP:   9/9           EV: 11    Int: 13    God:
Gold: 83            SH:  0    Dex:  9    Spells: 3/9 levels left

rFire   . . .        a - +0 hand axe
rCold   . . .        (no shield)
rNeg    . . .        u - +0 ring mail
rPois   .            (no helmet)
rElec   .            (no cloak)
rCorr   .            (no gloves)
SInv    .            (no boots)
Will    .....        (no amulet) Stlth
                     (no ring)
HPRegen 0.27/turn    (no ring)
MPRegen 0.11/turn

%: no passive effects
@: very heavily drained
A: no striking features
a: no special abilities


You were on level 5 of the Dungeon.
You visited 1 branch of the dungeon, and saw 5 of its levels.

You collected 83 gold pieces.

Inventory:

Hand Weapons
 a - a +0 hand axe (weapon)
 g - a +0 short sword
Armour
 u - a +0 ring mail (worn)
Jewellery
 h - a ring of fire
Wands
 s - a wand of acid (10)
Scrolls
 b - a scroll of blinking {unknown}
 c - 3 scrolls of immolation {unknown}
 d - 5 scrolls of identify {unknown}
 e - 3 scrolls of poison {unknown}
 f - 4 scrolls of teleportation {unknown}
 l - a scroll of brand weapon {unknown}
 m - 2 scrolls of noise {unknown}
 o - 2 scrolls of enchant armour {unknown}
 r - a scroll of vulnerability {unknown}
 t - a scroll of fear {unknown}
Potions
 i - 2 potions of flight
 j - 2 potions of lignification {unknown}
 k - a potion of curing {unknown}
 n - a potion of haste {unknown}
 p - a potion of berserk rage
 q - a potion of degeneration {unknown}


   Skills:
 + Level 3.7 Fighting
 * Level 7.7 Axes
 + Level 3.0 Armour
 + Level 2.5 Dodging
 - Level 0.2 Stealth
 + Level 1.8 Spellcasting
 + Level 3.2 Conjurations


You had 3 spell levels left.
You knew the following spells:

 Your Spells              Type           Power      Damage    Failure   Level
a - Kiss of Death         Conj/Necr      20%        2d7       24%         1
b - Momentum Strike       Conj/Tloc      10%        3d8       36%         2
c - Hailstorm             Conj/Ice       5%         3d4       58%         3

Your spell library contained the following spells:

 Spells                   Type           Power      Damage    Failure   Level
 Magic Dart               Conj           36%        1d4       12%         1
 Searing Ray              Conj           18%        2d5       19%         2
 Fulminant Prism          Conj/Hex       2%         3d5       94%         4


Dungeon Overview and Level Annotations

Branches:
Dungeon (5/15)
 Temple: D:4-7

Altars:
Kikubaaqudgha


Message History

The sleepcap releases spores at you.
You hit the sleepcap but do no damage.
The sleepcap is severely damaged.
The sleepcap barely misses you.
You hit the sleepcap.
The sleepcap is severely damaged.
The sleepcap releases spores at you but does no damage.
You hit the sleepcap but do no damage.
The sleepcap is severely damaged.
The sleepcap releases spores at you but does no damage.
You hit the sleepcap.
The sleepcap is severely damaged.
The sleepcap releases spores at you but does no damage.
You hit the sleepcap but do no damage.
The sleepcap is severely damaged.
The sleepcap releases spores at you.
You hit the sleepcap.
The sleepcap is almost destroyed.
The sleepcap releases spores at you.
You hit the sleepcap but do no damage.
The sleepcap is almost destroyed.
You hit the sleepcap but do no damage.
The sleepcap is almost destroyed.
The sleepcap barely misses you.
You hit the sleepcap.
The sleepcap is almost destroyed.
The sleepcap releases spores at you.
* * * LOW HITPOINT WARNING * * *
You are engulfed in a cloud of soporific spores!
You fall asleep.
The sleepcap releases spores at you!
You wake up.
* * * LOW HITPOINT WARNING * * *
You hit the sleepcap but do no damage.
The sleepcap is almost destroyed.
The sleepcap barely misses you.
You hit the sleepcap but do no damage.
The sleepcap is almost destroyed.
The sleepcap barely misses you. The sleepcap attacks as you move away!
The sleepcap releases spores at you.
You die...

#.. .. #. ###.#
#... #. #...# ....
.##.##...###....
#...............
).#............ #
#.......######
#...#.............
......f@..........
.#.##....>..$.....
. #)............
#.........#####
#.#...[.###
#.##...## . #####
##


You could see a sleepcap.

Vanquished Creatures
  Sigmund (D:2)
  A black bear (D:4)
  An ogre (D:4)
  A gnoll (D:1)
  4 adders
  2 worms
  3 dart slugs
  2 orcs
  5 bats
  8 endoplasms
  3 giant cockroaches
  7 goblins
  3 hobgoblins
  5 jackals
  2 quokkas
  11 ball pythons
  7 frilled lizards
  7 kobolds
  6 rats
79 creatures vanquished.

Notes
Turn   | Place    | Note
-------+----------+-------------------------------------------
     0 | D:1      | iamoutofideas the Hill Orc Reaver began the quest for the
                  | Orb.
     0 | D:1      | Reached XP level 1. HP: 18/18 MP: 3/3
   137 | D:1      | Reached XP level 2. HP: 21/21 MP: 2/4
   619 | D:1      | Reached XP level 3. HP: 10/26 MP: 3/5
   912 | D:1      | Found a faded altar of an unknown god.
  1289 | D:2      | Noticed Sigmund
  1295 | D:2      | Killed Sigmund
  1296 | D:2      | Reached skill level 6 in Axes
  1296 | D:2      | Reached XP level 4. HP: 22/38 MP: 3/6
  1296 | D:2      | Reached XP level 5. HP: 26/45 MP: 3/7
  1783 | D:2      | Learned a level 2 spell: Momentum Strike
  1790 | D:2      | Learned a level 3 spell: Hailstorm
  1809 | D:2      | Reached XP level 6. HP: 51/51 MP: 8/8
  2610 | D:3      | Identified the +8 long sword of Leerujamenk {heavy, Fly}
  2994 | D:4      | Found an ancient bone altar of Kikubaaqudgha.
  3072 | D:4      | Reached skill level 7 in Axes
  3224 | D:4      | Noticed a black bear
  3235 | D:4      | Killed a black bear
  3236 | D:4      | Reached XP level 7. HP: 19/42 MP: 4/9
  3353 | D:4      | You fall into a shaft and drop 1 floor!
  3353 | D:5      | Entered Level 5 of the Dungeon
  3382 | D:5      | Slain by a sleepcap

Illustrated notes

Levels and vault maps discovered:
D:1:      minmay_arrival_loop, layout_basic, basic_ecumenical_altar
D:2:      layout_loops_corners, uniq_sigmund
D:3:      layout_rooms
D:4:      layout_loops_ring, mainiacjoe_overflow_small_starburst, serial_shops,
          nicolae_shop_behind_doors, shop, kennysheep_mini_moat,
          nicolae_shop_bloodbath_and_beyond, minmay_misc_feat_secret_circle,
          minmay_misc_feat_nine_boxes, nicolae_kite_square_tiling_tiny
D:5:      layout_rooms, serial_shops, shop

Skill      XL: |  1  2  3  4  5  6 |
---------------+-------------------+-----
Fighting       | 3 |  3.7
Axes           | 6 7 |  7.7
Armour         | 2 3 |  3.0
Dodging        | 2 |  2.5
Stealth        | |  0.2
Spellcasting   | |  1.8
Conjurations   | |  3.2

Action                     |  1- 3 |  4- 6 |  7- 9 || total
---------------------------+-------+-------+-------++-------
  Melee: Hand axe          |    91 |   146 |    27 ||   264
         Punch             |       |     2 |       ||     2
   Cast: Kiss of Death     |     4 |     5 |       ||     9
    Use: Potion            |       |     2 |       ||     2
 Armour: Leather armour    |    21 |    45 |       ||    66
         Ring mail         |       |    11 |     9 ||    20
  Dodge: Dodged            |    68 |   106 |    15 ||   189

Table legend: (Time is in decaauts)
 A = Elapsed time spent in this place.
 B = Non-inter-level travel time spent in this place.
 C = Inter-level travel time spent in this place.
 D = Time resting spent in this place.
 E = Time spent auto-exploring this place.
 F = Levels seen in this place.
 G = Mean time per level.
                   A        B        C        D        E       F      G
               +--------+--------+--------+--------+--------+-----+--------+
         Total |   3388 |   3323 |     65 |    579 |   2178 |   5 |  677.6 |
       Dungeon |   3388 |   3323 |     65 |    579 |   2178 |   5 |  677.6 |
               +--------+--------+--------+--------+--------+-----+--------+

Top non-repeatable levels by time:
     D:2: 1364 daAuts
     D:1: 1217 daAuts
     D:3: 400 daAuts
     D:4: 379 daAuts
     D:5: 27 daAuts
